 Dungeon Crawl Stone Soup version 0.29-a0-1047-g7c58e119a4 (webtiles) character file.

Game seed: 10554642633662605220

120 Pelinal the Chiller (level 5, 0/35 HPs)
             Began as a Merfolk Ice Elementalist on Aug 16, 2022.
             Succumbed to Crazy Yiuf's poison
             ... on level 2 of the Dungeon.
             The game lasted 00:05:00 (2405 turns).

Pelinal the Chiller (Merfolk Ice Elementalist)      Turns: 2405, Time: 00:05:01

Health: 0/35       AC:  2    Str:  8    XL:     5   Next: 4%
Magic:  2/8        EV: 12    Int: 17    God:
Gold:   97         SH:  3    Dex: 14    Spells: 4/8 levels left

rFire   . . .      SeeInvis .   m - +0 spear
rCold   . . .      Faith    .   h - +0 buckler
rNeg    . . .      Spirit   .   a - +0 robe
rPois   .          Reflect  .   (no helmet)
rElec   .          Harm     .   (no cloak)
rCorr   .          Rampage  .   (no gloves)
Will    .....                   (no boots)
Stlth   ++........              (no amulet)
HPRegen 0.11/turn               (no ring)
MPRegen 0.11/turn               (no ring)

@: lethally poisoned (0 -> -17)
A: (nimble swimmer 2), mertail
a: no special abilities


You were on level 2 of the Dungeon.
You visited 1 branch of the dungeon, and saw 2 of its levels.

You collected 97 gold pieces.

Inventory:

Hand Weapons
 c - a +0 dagger
 m - a +0 spear (weapon)
Missiles
 d - 9 stones (quivered)
 k - 11 boomerangs
 l - 5 poisoned darts
Armour
 a - a +0 robe (worn)
 h - a +0 buckler (worn)
Jewellery
 f - a +4 ring of evasion
 n - an amulet of faith
Scrolls
 g - a scroll of brand weapon {unknown}
 i - a scroll of vulnerability
 j - a scroll of fear {unknown}
Potions
 b - 2 potions of magic
 e - a potion of flight {unknown}
 o - a potion of curing {unknown}
 p - a potion of heal wounds
 q - a potion of might {unknown}


   Skills:
 - Level 2.6 Dodging
 - Level 2.1 Stealth
 - Level 0.1 Shields
 - Level 2.0 Spellcasting
 * Level 6.8 Ice Magic


You had 4 spell levels left.
You knew the following spells:

 Your Spells              Type           Power      Damage    Failure   Level
a - Freeze                Ice            96%        1d11      1%          1
b - Frozen Ramparts       Ice            48%        1d8       4%          3

Your spell library contained the following spells:

 Spells                   Type           Power      Damage    Failure   Level
 Ozocubu's Armour         Ice            24%        N/A       4%          3
 Hailstorm                Conj/Ice       13%        3d5       54%         4
 Confusing Touch          Hex            1%         N/A       61%         3
 Yara's Violent Unravell  Hex/Tmut       0%         3d3       100%        5
 Enfeeble                 Hex            0%         N/A       100%        7


Dungeon Overview and Level Annotations

Branches:
Dungeon (2/15)

Altars:


Innate Abilities, Weirdness & Mutations

((You are very nimble when in or above water. (Stealth+, EV+, Speed+++)))
Your lower body shifts to a powerful aquatic tail in water.


Message History

Casting: Freeze (safe; 1% risk of failure)
Confirm with . or Enter, or press ? or * to list all spells.
Casting: Frozen Ramparts (dangerous; 6% risk of failure)
Press: ? - help, Dir - look around, f - activate The walls around you are covered in ice.
The wall freezes Crazy Yiuf.
Crazy Yiuf zaps a wand.
The roots erupt in riotous growth!
The grasping roots grab you!
Crazy Yiuf is unaffected.
The grasping roots constrict you.
Unknown command.
Unknown command.
Casting: Frozen Ramparts (dangerous; 6% risk of failure)
Confirm with . or Enter, or press ? or * to list all spells.
Aiming: Freeze (safe; 1% risk of failure)
Press: ? - help, Shift-Dir - straight line, f - Crazy Yiuf
Aim: Crazy Yiuf, wielding a +3 quarterstaff of chaos, wearing a +0 cloak and carrying a wand of roots (8) (moderately wounded)
You freeze Crazy Yiuf!
Crazy Yiuf is severely wounded.
The wall freezes Crazy Yiuf but does no damage.
Crazy Yiuf hits you with a +3 quarterstaff of chaos!
You are lethally poisoned!
The grasping roots constrict you.
* * * LOW HITPOINT WARNING * * *
The grasping roots release their grip on you.
Unknown command.
Casting: Freeze (safe; 1% risk of failure)
Confirm with . or Enter, or press ? or * to list all spells.
Aiming: Freeze (safe; 1% risk of failure)
Press: ? - help, Shift-Dir - straight line, f/p - Crazy Yiuf
Aim: Crazy Yiuf, wielding a +3 quarterstaff of chaos, wearing a +0 cloak and carrying a wand of roots (8) (severely wounded)
You freeze Crazy Yiuf.
You kill Crazy Yiuf!
* * * LOW HITPOINT WARNING * * *
You feel very sick.
You have reached level 5!
You feel clever.
Unknown command.
Unknown command.
The frozen ramparts melt away as you move.
You die...

#....#
#.....###
♣....♣
#........
♣...♣♣
#.....###
♣♣.♣♣ #.....#
♣.♣♣ #######
♣♣.♣ ♣.♣♣ #
♣♣.♣ # #@# #
#...# #
############
#...# #
#....†.....#
#..)# #
#.##########
##### #
..†.....^#
..###########
..# #.# ..#
#.#


There were no monsters in sight!

Vanquished Creatures
  Crazy Yiuf (D:2)
  Terence (D:2)
  3 adders (D:2)
  3 dart slugs (D:2)
  An endoplasm (D:1)
  3 hobgoblins
  4 jackals (D:2)
  A quokka (D:2)
  8 ball pythons
  3 bats
  2 frilled lizards (D:2)
  3 goblins
  2 kobolds (D:1)
  4 rats
39 creatures vanquished.

Vanquished Creatures (others)
  A fungus (D:1)
1 creature vanquished.

Grand Total: 40 creatures vanquished

Notes
Turn   | Place    | Note
-------+----------+-------------------------------------------
     0 | D:1      | Pelinal the Merfolk Ice Elementalist began the quest for
                  | the Orb.
     0 | D:1      | Reached XP level 1. HP: 13/13 MP: 3/3
   277 | D:1      | Reached XP level 2. HP: 19/19 MP: 0/5
   333 | D:1      | Found a faded altar of an unknown god.
   449 | D:1      | Reached skill level 5 in Ice Magic
   753 | D:2      | Reached XP level 3. HP: 18/24 MP: 2/6
  1061 | D:2      | Noticed Terence
  1123 | D:1      | Learned a level 3 spell: Frozen Ramparts
  1873 | D:2      | Killed Terence
  1874 | D:2      | Reached skill level 6 in Ice Magic
  1874 | D:2      | Reached XP level 4. HP: 30/30 MP: 1/7
  2397 | D:2      | Found a runed translucent door.
  2398 | D:2      | Noticed Crazy Yiuf
  2404 | D:2      | Killed Crazy Yiuf
  2405 | D:2      | Reached XP level 5. HP: 4/35 MP: 2/8
  2405 | D:2      | Succumbed to Crazy Yiuf's poison

Illustrated notes

Levels and vault maps discovered:
D:1:      sevenhm_arrival_forest_fort_small_4, layout_rooms,
          dreamdust_ecumenical_altar_grove
D:2:      layout_basic, uniq_crazy_yiuf_cottage, uniq_terence

Skill      XL: |  1  2  3 |
---------------+----------+-----
Ice Magic      | 5 6 |  6.8
Dodging        | |  2.6
Stealth        | |  2.1
Shields        | |  0.1
Spellcasting   | |  2.0

Action                   |  1- 3 |  4- 6 || total
-------------------------+-------+-------++-------
Melee: Dagger            |     6 |       ||     6
       Spear             |    19 |    14 ||    33
 Cast: Freeze            |    35 |     5 ||    40
       Frozen Ramparts   |     1 |     2 ||     3
  Use: Scroll            |     4 |       ||     4
       Potion            |     1 |       ||     1
 Stab: Sleeping          |     4 |     3 ||     7
Armor: Robe              |     8 |     1 ||     9
Dodge: Dodged            |    47 |     1 ||    48
Block: Buckler           |     8 |     1 ||     9

Table legend: (Time is in decaauts)
 A = Elapsed time spent in this place.
 B = Non-inter-level travel time spent in this place.
 C = Inter-level travel time spent in this place.
 D = Time resting spent in this place.
 E = Time spent auto-exploring this place.
 F = Levels seen in this place.
 G = Mean time per level.
                   A        B        C        D        E       F      G
               +--------+--------+--------+--------+--------+-----+--------+
         Total |   2404 |   2376 |     28 |    533 |   1400 |   2 | 1202.0 |
       Dungeon |   2404 |   2376 |     28 |    533 |   1400 |   2 | 1202.0 |
               +--------+--------+--------+--------+--------+-----+--------+

Top non-repeatable levels by time:
     D:2: 1453 daAuts
     D:1: 951 daAuts
